Arrhythmia, neutral female human Tourist ---- ------- |..--.- ))....--------.)..<| ----.....@h......--- -------------- Arrhythmia the Sightseer Experience level: 5 Strength: 25 Dexterity: 13 Constitution: 18 Intelligence: 16 Wisdom: 7 Charisma: 12 Health: 0(44) Energy: 11(11) AC: 5 Gold: 1253 Moves: 1730 Your Inventory: Coins $ - 1253 gold pieces Weapons a - 21 uncursed +2 darts (in quiver) v - an uncursed [+0] runed dagger [elven] (weapon in hand) O - an [uncursed +0] dagger Armor l - an uncursed +0 Hawaiian shirt (being worn) r - an uncursed +0 ring mail (being worn) u - an uncursed +0 orcish helm (being worn) w - an uncursed +0 pair of gauntlets of power (being worn) P - an [uncursed +0] pair of hard shoes [iron] Comestibles b - 5 uncursed food rations c - an uncursed fortune cookie d - an uncursed tin of kobold meat e - an uncursed cream pie f - 2 uncursed Hot Futa Mare Dicks g - an uncursed candy bar p - 2 uncursed lichen corpses Scrolls j - 2 uncursed scrolls of magic mapping k - a blessed scroll of magic mapping z - an [uncursed] scroll labeled ELBIB YLOH [of identify] B - an [uncursed] scroll labeled VE FORBRYDERNE [of gold detection] E - a [cursed] scroll labeled ELBIB YLOH [of identify] J - an [uncursed] scroll labeled ELAM EBOW [of scare monster] Potions i - 2 uncursed potions of extra healing C - an [uncursed] ruby potion [of hallucination] I - a [cursed] potion called water [of unholy water] Wands H - an [uncursed] wand of striking [0:5] Tools m - an uncursed expensive camera (0:65) n - an uncursed credit card Gems L - 2 [uncursed] yellow gems [worthless glass] M - an [uncursed] red gem [worthless glass] Spells known in the end: Name Level Category Fail Memory Your skills at the end: Fighting Skills Weapon Skills dart [Basic / Expert] Spellcasting Skills Final Attributes: You were devoutly aligned. Hunger level was 436. Your alignment was 18 / 18. Monster difficulty range was 0 - 5. Level difficulty was 5. You were lucky (1). You are dead. Vanquished creatures: an enormous rat a gnome lord 2 kittens a dwarf 2 giant bats 2 coyotes 2 hobgoblins a yellow mold 6 gnomes 2 geckos 6 jackals a fox 3 goblins 2 grid bugs 4 lichens 5 newts 41 creatures vanquished. Voluntary challenges: You used a wielded weapon 38 times. You read items or engraved 13 times. You put on armor 6 times. You never genocided any monsters. You never polymorphed an object. You never changed form. You used no wishes. You wrote Elbereth's name 6 times. You never encountered a bones level. You never used any Sokoban shortcuts. Dungeon overview: The Dungeons of Doom: levels 1 to 4 Level 1 some altars, a fountain a long staircase Level 2 a potion shop, an altar to The Lady, a fountain Level 3 a fountain Level 4 a weapon shop, some fountains stairs to The Gnomish Mines The Gnomish Mines: Level 5 <- You were here stairs to The Dungeons of Doom History has recorded: On T:1 you entered the Dungeons of Doom to retrieve the Amulet of Yendor! On T:342 you reached level 2 of The Dungeons of Doom. On T:587 you advanced to experience level 2. On T:857 you reached level 3 of The Dungeons of Doom. On T:1026 you advanced to experience level 3. On T:1093 you advanced to experience level 4. On T:1284 you reached level 4 of The Dungeons of Doom. On T:1498 you advanced to experience level 5. On T:1673 you reached level 1 of The Gnomish Mines. Latest messages: It is missed. You are hit by a dagger. You finish eating the gnome corpse. [3 turns] O - a dagger. The dwarf hits! The dagger hits the dwarf. [HP-3=13] You kill the dwarf! You feel less confused now. You are hit by a dagger. [HP-2=11] P - a pair of hard shoes. [HP+1=12] You miss the dwarf. The dwarf thrusts his broad short sword. The dwarf hits! [HP-10=2] You miss the dwarf. (2x) The dwarf thrusts his broad short sword. The dwarf hits! You die... Final status: Aloha Arrhythmia the Tourist... You died in The Gnomish Mines on dungeon level 5 with 1108 points, and 1253 pieces of gold, after 1730 moves. You were level 5 with a maximum of 44 hit points when you died.